 Dungeon Crawl Stone Soup version 0.31-a0-267-g3fc6992b3b (webtiles) character file.

Game seed: 14697797816575234510

165 British0li the Sneak (level 5, 0/42 HPs)
             Began as a Demonspawn Delver on July 14, 2023.
             Slain by a gnoll
             ... wielding a +0 spear
              (6 damage)
             ... on level 3 of the Dungeon.
             The game lasted 00:05:23 (2912 turns).

British0li the Sneak (Demonspawn Delver)            Turns: 2912, Time: 00:05:24

Health: 0/42       AC:  5    Str: 14    XL:     5   Next: 21%
Magic:  5/5        EV: 12    Int: 12    God:
Gold:   144        SH:  0    Dex: 14    Spells: 4/4 levels left

rFire   . . .        a - +0 falchion
rCold   . . .        (no shield)
rNeg    . . .        b - +0 leather armour
rPois   +            (no helmet)
rElec   .            (no cloak)
rCorr   .            (no gloves)
SInv    .            (no boots)
Will    .....        (no amulet)
Stlth   ++           s - ring of poison resistance
HPRegen 0.27/turn    (no ring)
MPRegen 0.09/turn

%: no passive effects
@: no status effects
A: thin metallic scales 1, powered by death 2, weakness stinger 1
a: no special abilities


You were on level 3 of the Dungeon.
You visited 2 branches of the dungeon, and saw 6 of its levels.

You collected 224 gold pieces.
You spent 80 gold pieces at shops.

Inventory:

Hand Weapons
 a - a +0 falchion (weapon)
Missiles
 r - 3 boomerangs
Armour
 b - a +0 leather armour (worn)
Jewellery
 j - a ring of magical power
 s - a ring of poison resistance (left hand)
 v - a ring of fire
Wands
 g - a wand of digging (3)
 u - a wand of flame (29)
Scrolls
 c - a scroll of fog
 d - a scroll of revelation
 e - 2 scrolls of fear
 i - 2 scrolls of identify {unknown}
 k - a scroll of vulnerability {unknown}
 l - a scroll of amnesia {unknown}
 m - 3 scrolls of teleportation {unknown}
 n - a scroll of acquirement {unknown}
Potions
 f - a potion of haste
 h - 3 potions of curing
 o - 2 potions of heal wounds
 p - a potion of berserk rage {unknown}
 q - 2 potions of might {unknown}
 t - a potion of enlightenment {unknown}
 w - a potion of magic {unknown}


   Skills:
 + Level 4.0 Fighting
 + Level 2.8 Long Blades
 + Level 2.1 Armour
 + Level 2.8 Dodging
 - Level 4.5 Stealth


You had 4 spell levels left.
You didn't know any spells.
Your spell library contained the following spells:

 Spells                   Type           Power      Damage    Failure   Level
 Poisonous Vapours        Pois/Air       0%         N/A       52%         2
 Mephitic Cloud           Conj/Pois/Air  0%         N/A       77%         3
 Freezing Cloud           Conj/Ice/Air   0%         6-21      100%        5


Dungeon Overview and Level Annotations

Branches:
Dungeon (5/15)             Temple (1/1) D:4

Altars:
Dithmenos
Fedhas
Kikubaaqudgha
Nemelex Xobeh
Qazlal
Ru
Uskayaw
Yredelemnul

Shops:
D:2 !

Annotations:
D:5 exclusion: oklob plant


Innate Abilities, Weirdness & Mutations

You are partially covered in thin metallic scales. (AC +2)
You regenerate health from kills.
You have a small tail.


Message History

There is a stone staircase leading up here.
You climb upwards.
There is a stone staircase leading down here.
You start resting.
HP restored.
You climb downwards.
There is a stone staircase leading up here.
The gnoll hits you from afar with a +0 spear.
The gnoll barely misses you.
The gnoll shouts!
You hit the gnoll.
The gnoll is heavily wounded.
The gnoll hits you but does no damage.
The gnoll hits you from afar with a +0 spear.
There is a stone staircase leading up here.
The gnoll closely misses you.
There is a stone staircase leading up here.
The gnoll hits you but does no damage. The gnoll hits you with a +0 spear.
You climb upwards.
There is a stone staircase leading down here.
You closely miss the gnoll.
The gnoll is heavily wounded.
The gnoll hits you with a +0 spear. x2; The gnoll misses you.
The gnoll hits you with a +0 spear.
You hit the gnoll.
The gnoll is almost dead.
The gnoll hits you with a +0 spear. x2
You hit the gnoll.
You kill the gnoll!
The gnoll hits you with a +0 spear.
* * * LOW HITPOINT WARNING * * *
Your Fighting skill increases to level 4!
You hit the gnoll.
The gnoll is moderately wounded.
The gnoll hits you with a +0 spear.
* * * LOW HITPOINT WARNING * * *
You completely miss the gnoll.
The gnoll is lightly wounded.
The gnoll hits you with a +0 spear.
You die...

#....# #.# #.#.# #.......#.
#....###)# #.#.# #..)......
.......#.#########...# #.<.....#.
.......#............## #>......##
.......#.####.####..####.......<.
##....##.####.# #.............###
...........##.# #...#######.#.#
###........##.###...# #.#.# #
##............@...# #.#.## #
#...........g)...#######....## #
#.......#...##.#..............
####..##.#......#.#..######....##
.....#...............# #.#.###
####..#####....)#.##.## #...# #
####..####.....##.#...#######.###
.......#...######....[...........
.#####...#.# ###...###.###.##.


You could see a gnoll.

Vanquished Creatures
  An orc wizard (D:3)
  A gnoll (D:3)
  3 adders
  A white imp (D:3)
  A worm (D:2)
  The ghost of British0li the Sneak, a weakling DsDe (D:3)
  2 dart slugs
  2 adder simulacra (D:3)
  3 orcs (D:3)
  9 endoplasms
  3 giant cockroaches
  6 goblins
  5 hobgoblins
  A jackal (D:2)
  9 kobolds
  6 quokkas
  4 ball pythons
  A ball python simulacrum (D:3)
  7 bats
  4 frilled lizards
  A giant cockroach simulacrum (D:3)
  A jackal simulacrum (D:3)
  7 rats
79 creatures vanquished.

Notes
Turn   | Place    | Note
-------+----------+-------------------------------------------
     0 | D:5      | British0li the Demonspawn Delver began the quest for the
                  | Orb.
     0 | D:5      | Reached XP level 1. HP: 18/18 MP: 1/1
    68 | D:5      | Found a blossoming altar of Fedhas.
    81 | D:5      | Noticed an oklob plant
   191 | D:5      | Noticed a sleepcap
   220 | D:5      | Noticed a scorpion
   235 | D:5      | Noticed a scorpion
   248 | D:4      | Found a staircase to the Ecumenical Temple.
   255 | Temple   | Entered the Ecumenical Temple
   433 | D:2      | Gained mutation: You regenerate a little health from kills.
                  | [demonic ancestry]
   433 | D:2      | Reached XP level 2. HP: 24/24 MP: 2/2
   619 | D:1      | Reached skill level 1 in Armour
   634 | D:1      | Gained mutation: You have a small tail. [demonic ancestry]
   634 | D:1      | Reached XP level 3. HP: 29/29 MP: 3/3
  1648 | D:2      | Found a shadowy altar of Dithmenos.
  1801 | D:2      | Found Aneoggue's Distillery.
  1807 | D:2      | Gained mutation: You are partially covered in thin metallic
                  | scales. (AC +2) [demonic ancestry]
  1807 | D:2      | Reached XP level 4. HP: 36/36 MP: 4/4
  1808 | D:2      | Bought a potion of curing for 30 gold pieces
  1808 | D:2      | Bought a potion of heal wounds for 50 gold pieces
  1831 | D:2      | Found a faded altar of an unknown god.
  2113 | D:3      | Found a runed translucent gate.
  2113 | D:3      | Found a runed translucent gate.
  2113 | D:3      | Found a runed translucent gate.
  2154 | D:3      | Noticed British0li's ghost (weakling DsDe)
  2507 | D:3      | Gained mutation: You regenerate health from kills. [demonic
                  | ancestry]
  2507 | D:3      | Reached XP level 5. HP: 42/42 MP: 5/5
  2626 | D:3      | Killed British0li's ghost
  2912 | D:3      | Slain by a gnoll

Illustrated notes

Levels and vault maps discovered:
D:1:      dpeg_arrival_lava_altar, layout_basic, serial_forest,
          infiniplex_forest_fountain, infiniplex_forest_lined_room_3,
          infiniplex_forest_clump_small, infiniplex_forest_lined_room_3,
          infiniplex_forest_split, infiniplex_forest_clump_tiny,
          infiniplex_forest_zigzag_2
D:2:      layout_rooms, serial_shops, nicolae_shop_rolling_square, basic_altar,
          ebering_ecumenical_altar_webs, nicolae_eternal_life
D:3:      layout_loops_ring, gammafunk_ghost_icy
D:4:      layout_gridville, lemuel_tele_altar, slow_altar_1,
          minmay_temple_entry_tees, wad_orctagon
D:5:      nicolae_cairo_tiling, layout_cave_pools,
          grunt_temple_overflow_gold_and_silver, tgw_fedhas,
          lightli_corner_chamber
Temple:   nicolae_temple_little_seven

Skill      XL: |  1  2  3  4  5 |
---------------+----------------+-----
Long Blades    | 2 |  2.8
Dodging        | 2 |  2.8
Armour         | 1 2 |  2.1
Fighting       | 4 |  4.0
Stealth        | |  4.5

Action                     |  1- 3 |  4- 6 || total
---------------------------+-------+-------++-------
  Melee: Falchion          |   148 |   100 ||   248
         Tailslap          |    10 |    13 ||    23
   Stab: Sleeping          |    12 |     3 ||    15
 Armour: Leather armour    |    36 |    23 ||    59
  Dodge: Dodged            |    79 |    69 ||   148

Table legend: (Time is in decaauts)
 A = Elapsed time spent in this place.
 B = Non-inter-level travel time spent in this place.
 C = Inter-level travel time spent in this place.
 D = Time resting spent in this place.
 E = Time spent auto-exploring this place.
 F = Levels seen in this place.
 G = Mean time per level.
                   A        B        C        D        E       F      G
               +--------+--------+--------+--------+--------+-----+--------+
         Total |   2959 |   2861 |     98 |     88 |   1984 |   6 |  493.2 |
       Dungeon |   2925 |   2827 |     98 |     88 |   1959 |   5 |  585.0 |
        Temple |     33 |     33 |      0 |      0 |     25 |   1 |   33.0 |
               +--------+--------+--------+--------+--------+-----+--------+

Top non-repeatable levels by time:
     D:1: 934 daAuts
     D:3: 899 daAuts
     D:2: 673 daAuts
     D:5: 248 daAuts
     D:4: 169 daAuts
  Temple: 33 daAuts
